 Dungeon Sprint DCSS version 0.14-a0-1361-g0512ea0 (webtiles) character file.

676 Psiweapon the Protected (level 6, -7/45 HPs)
             Began as a Gargoyle Fighter on Dec 8, 2013.
             Mangled by a crocodile (8 damage)
             ... in the Dungeon (Sprint II: "The Violet Keep of Menkaure").
             The game lasted 00:03:32 (441 turns).

Psiweapon the Protected (Gargoyle Fighter)           Turns: 441, Time: 00:03:32

HP  -7/45        AC 12     Str 21      XL: 6   Next: 75%
MP   6/6         EV  8     Int  9      God:
Gold 296         SH 22     Dex  9      Spells:  0 memorised,  5 levels left

rFire  . . .     SeeInvis .     a - +0 mace
rCold  . . .     Clarity  .     b - +0 scale mail
rNeg   + . .     Conserve .     c - +0 shield
rPois  +         rCorr    .     (no helmet)
rElec  +         rRot     +     (no cloak)
SustAb . .       Spirit   .     (no gloves)
rMut   .         Warding  .     (no boots)
Saprov . . .     NoTele   +     (no amulet)
                                (no ring)
                                (no ring)

@: slightly resistant to hostile enchantments, extremely unstealthy
A: life protection 1, electricity resistance, unbreathing, petrification
resistance, AC +4
a: no special abilities


You were in the Dungeon.
You were not hungry.

You visited 1 branch You collected 486 gold pieces.
You spent 190 gold pieces at shops.

Inventory:

Hand weapons
 a - a +0,+0 mace (weapon)
Armour
 b - a +0 scale mail (worn)
 c - a +0 shield (worn)
 f - a +2 scale mail of fire resistance
Comestibles
 d - a bread ration
Scrolls
 j - a scroll of blinking
Potions
 e - a potion of curing
 g - a potion of speed
 h - 2 potions of magic


   Skills:
 + Level 8.3 Fighting
 + Level 7.9 Maces & Flails
 + Level 8.4 Armour
 + Level 8.3 Shields


You had 5 spell levels left.
You didn't know any spells.

Dungeon Overview and Level Annotations

Branches:
Dungeon (1/1)

Altars:

Shops:
D [+=(?+![}/=!%=%}

Annotations:
D exclusion: oklob plant


Innate Abilities, Weirdness & Mutations

You are resistant to torment.
You are immune to poison.
Your stone body is very resilient (AC +4).
You resist negative energy.
You are resistant to electric shocks.
You can survive without breathing.
You are immune to petrification.


Message History

The agate snail is lightly wounded.
You block the crocodile's attack. You block the agate snail's attack.
You hit the agate snail but do no damage.
The agate snail is lightly wounded.
The crocodile bites you but does no damage.
You hit the agate snail.
The agate snail is lightly wounded.
You block the crocodile's attack.
You hit the agate snail but do no damage.
The agate snail is lightly wounded.
You block the agate snail's attack.
The crocodile bites you but does no damage.
Your shield and scale mail prevent you from hitting the agate snail.
The agate snail is lightly wounded.
The crocodile bites you!
* * * LOW HITPOINT WARNING * * *
You hit the agate snail.
The agate snail is lightly wounded.
The crocodile bites you!
You die...

############≈≈
###########≈≈≈.
##∩.∩.....#≈≈≈≈.
##.∩.@....#≈≈≈≈#
##..∩jt...#≈≈≈≈#
##...∩.∩..#≈≈###
##....∩.⌠.#≈##.# #+#
##...∩.∩..#≈#.####<##
##..∩.∩...'≈'##.%.<.+
##.∩.∩....#≈#...##<##
#▓▓▓▓▓▓▓###≈##.###%##
##sDD######≈≈####.#.##


You could see an agate snail, a crocodile and a wyvern.

Vanquished Creatures
  2 hippogriffs (D)
  2 agate snails (D)
4 creatures vanquished.

Notes
Turn   | Place    | Note
--------------------------------------------------------------
     0 | D        | Psiweapon, the Gargoyle Fighter, began the quest for the Orb.
     0 | D        | Reached XP level 1. HP: 14/14 MP: 1/1
     0 | D        | Noticed a hippogriff
     0 | D        | Noticed a hippogriff
    11 | D        | Killed a hippogriff
    11 | D        | Reached skill level 6 in Fighting
    11 | D        | Reached skill level 5 in Maces & Flails
    11 | D        | Reached XP level 2. HP: 11/22 MP: 2/2
    11 | D        | Reached XP level 3. HP: 13/27 MP: 3/3
    11 | D        | Reached XP level 4. HP: 15/32 MP: 4/4
    11 | D        | Reached XP level 5. HP: 16/36 MP: 5/5
    16 | D        | Killed a hippogriff
    16 | D        | Reached skill level 7 in Fighting
    16 | D        | Reached XP level 6. HP: 19/44 MP: 6/6
   237 | D        | Noticed an agate snail
   237 | D        | Noticed an agate snail
   363 | D        | Killed an agate snail
   363 | D        | Reached skill level 8 in Armour
   395 | D        | Killed an agate snail
   401 | D        | Found Jisen's Food Boutique.
   401 | D        | Found Baodag's Food Boutique.
   402 | D        | Found Bytao's Gadget Shop.
   402 | D        | Found Hoam's Jewellery Shop.
   402 | D        | Found Hutess Shoa's Magical Wand Boutique.
   402 | D        | Found Fastokh's Gadget Shop.
   402 | D        | Found Mnesuan's Distillery.
   402 | D        | Noticed an agate snail
   403 | D        | Found Klig's Antique Weapon Boutique.
   403 | D        | Found Joorov's Book Boutique.
   403 | D        | Found Veenuopt's Antique Armour Boutique.
   403 | D        | Noticed a wyvern
   404 | D        | Found Trim's Jewellery Shop.
   404 | D        | Found Qyusydyu's Distillery.
   405 | D        | Noticed a crocodile
   405 | D        | Noticed a wyvern
   406 | D        | Found Baatevveeci's Jewellery Shop.
   406 | D        | Found Muatur's Magic Scroll Shop.
   406 | D        | Noticed an oklob plant
   408 | D        | Found Puyfub's Antique Armour Boutique.
   408 | D        | Noticed a redback
   409 | D        | Found Jouciepa's Book Shoppe.
   409 | D        | Noticed a redback
   411 | D        | Noticed a pulsating lump
   412 | D        | Noticed a pulsating lump
   422 | D        | Bought a glowing scale mail for 190 gold pieces
   440 | D        | HP: 1/45 [crocodile (12)]
   441 | D        | Mangled by a crocodile

Action                   |  1- 3 |  4- 6 || total
-------------------------+-------+-------++-------
Melee: Mace              |     9 |   174 ||   183
  Use: Potion            |     1 |     1 ||     2
